 Dungeon Crawl Stone Soup version 0.19-a0-1341-g3513869 (webtiles) character file.

417 Leszczynek the Basher (level 6, -2/93 HPs)
             Began as an Ogre Monk on Sept 1, 2016.
             Slain by a centaur (3 damage)
             ... on level 6 of the Dungeon.
             The game lasted 00:16:00 (3166 turns).

Leszczynek the Basher (Ogre Monk)                   Turns: 3166, Time: 00:16:01

Health: -2/93      AC: 23    Str: 17    XL:     6   Next: 93%
Magic:  15/15      EV:  1    Int: 12    God:
Gold:   156        SH:  0    Dex: 13    Spells: 0 memorised, 5 levels left

rFire  . . .     SeeInvis .     a - +0 flail
rCold  . . .     Gourm    .     (armour currently unavailable)
rNeg   + + +     Faith    .     (no shield)
rPois  +         Spirit   .     (helmet currently unavailable)
rElec  .         Dismiss  .     (cloak currently unavailable)
rCorr  .         Reflect  .     (gloves unavailable)
MR     .....     Harm     .     (boots unavailable)
Stlth  +++....... NoTele   +    (no amulet)
                                s - +2 ring of intelligence
                                r - ring of magical power

@: tree-form
A: unfitting armour, (tough skin 0)
a: no special abilities


You were on level 6 of the Dungeon.
You were not hungry.
You were a tree.
You visited 1 branch of the dungeon, and saw 6 of its levels.

You collected 156 gold pieces.

Inventory:

Hand Weapons
 a - a +0 flail (weapon)
 j - a +0 hunting sling
Missiles
 g - 27 sling bullets
 t - 6 tomahawks (quivered)
Armour
 b - a +0 robe (melded)
Jewellery
 r - a ring of magical power (left branch)
 s - a +2 ring of intelligence (right branch)
Scrolls
 e - 2 scrolls of identify
 f - 5 scrolls of teleportation
 h - a scroll of remove curse {unknown}
 i - 2 scrolls of random uselessness {unknown}
 k - a scroll of recharging {unknown}
 o - a scroll of immolation {unknown}
 p - a scroll of enchant weapon {unknown}
 q - a scroll of fog {unknown}
Potions
 m - a potion of agility
 n - a potion of curing
 v - a potion of resistance
Comestibles
 c - a meat ration
 d - 4 bread rations


   Skills:
 - Level 4.0 Fighting
 + Level 9.1 Maces & Flails
 - Level 2.6 Dodging
 - Level 3.0 Stealth


You had 5 spell levels left.
You didn't know any spells.

Dungeon Overview and Level Annotations

Branches:
Dungeon (6/15)
 Temple: D:4-7

Altars:
Makhleb
Nemelex Xobeh

Annotations:
D:2 exclusion: 2 gnolls
D:3 Grinder
D:4 4thArraOfDagon's ghost, weakling TrIE; Eustachio
D:5 pikel, Pikel


Innate Abilities, Weirdness & Mutations

You are too large for most types of armour.
((You have tough skin. (AC +1)))


Message History

The centaur wields a shortbow.
The centaur shoots an arrow.
The arrow hits you but does no damage.
You see here an arrow.
The centaur shoots an arrow.
The arrow hits you.
You see here an arrow.
The centaur shoots an arrow.
The arrow hits you!
You see here an arrow.
The centaur unwields an uncursed shortbow.
The centaur hits you.
* * * LOW HITPOINT WARNING * * *
You barely miss the centaur. The centaur hits you.
* * * LOW HITPOINT WARNING * * *
The centaur hits you.
* * * LOW HITPOINT WARNING * * *
You are too injured to fight recklessly!
You feel better. The centaur hits you.
* * * LOW HITPOINT WARNING * * *
You turn into a tree.
Your +0 robe melds into your body.
Your roots penetrate the ground.
The centaur hits you.
You die...

### ### #.. ..#
#.#####.#
#.#.....# #
#c#.##..##.##.#
#♣#...........#
#(#..#..##.####
#(......## #
##(.....<#
#.#.....#
#.####..# #.#
#..# #.. ....?
#.. ....##


You could see a centaur.

Vanquished Creatures
  A slave (D:5)
  2 scorpions (D:4)
  An orc wizard (D:5)
  A giant frog skeleton (D:4)
  An iguana (D:5)
  A worker ant (D:4)
  A hound skeleton (D:4)
  5 gnolls
  6 adders
  3 worms
  2 dart slugs
  4 giant geckos
  5 orcs
  A ball python (D:4)
  4 bats
  3 giant cockroaches
  8 goblins
  7 hobgoblins
  14 jackals
  2 quokkas
  2 giant gecko skeletons
  5 giant newts
  A jackal skeleton (D:5)
  6 kobolds
  3 rats
89 creatures vanquished.

Notes
Turn   | Place    | Note
-------+----------+-------------------------------------------
     0 | D:1      | Leszczynek the Ogre Monk began the quest for the Orb.
     0 | D:1      | Reached XP level 1. HP: 24/24 MP: 1/1
   203 | D:1      | Reached skill level 2 in Stealth
   208 | D:1      | Reached XP level 2. HP: 20/32 MP: 2/2
   694 | D:2      | Reached XP level 3. HP: 16/39 MP: 3/3
   955 | D:2      | Reached skill level 5 in Maces & Flails
  1158 | D:2      | Reached XP level 4. HP: 42/48 MP: 4/4
  1216 | D:2      | Reached skill level 3 in Stealth
  1468 | D:3      | HP: 4/48 [hobgoblin (1)]
  1479 | D:3      | >hobgoblin throws a net
  1479 | D:3      | rly
  1552 | D:2      | speedrunning here
  1665 | D:3      | Reached skill level 6 in Maces & Flails
  1685 | D:3      | Noticed Grinder
  1732 | D:3      | Found a burning altar of Makhleb.
  1732 | D:3      | Noticed a cacodemon
  1748 | D:4      | Noticed a phantom
  1830 | D:4      | Noticed 4thArraOfDagon's ghost (weakling TrIE)
  1878 | D:2      | Reached XP level 5. HP: 15/54 MP: 5/5
  1929 | D:2      | s p e e d r u n n i n g
  2277 | D:4      | Reached skill level 7 in Maces & Flails
  2325 | D:4      | Reached XP level 6. HP: 49/62 MP: 6/6
  2328 | D:4      | Reached skill level 8 in Maces & Flails
  2477 | D:5      | Entered Level 5 of the Dungeon
  2642 | D:5      | Found a sparkling altar of Nemelex Xobeh.
  2663 | D:5      | Noticed a slave
  2695 | D:5      | Killed a slave
  2782 | D:4      | Noticed Eustachio
  2852 | D:4      | Reached skill level 9 in Maces & Flails
  3063 | D:5      | HP: 5/62 [gnoll/spear (12)]
  3065 | D:5      | HP: 1/62 [gnoll/spear (4)]
  3118 | D:5      | Noticed Pikel
  3118 | D:5      | Noticed a slave
  3118 | D:5      | Noticed a slave
  3119 | D:5      | Noticed a slave
  3164 | D:6      | HP: 2/62 [centaur (5)]
  3166 | D:6      | Slain by a centaur

Vault maps used:
D:1:      nagdon_arrival_double_spiral
D:3:      first_bread, makhleb_altar_promises_db, uniq_grinder
D:4:      feat_on_display, uniq_eustachio
D:5:      overflow_temple_1_default, portal_sewer_entry_e, minivault_27,
          interstate_on_off, nemelex_lonely_heart_becter, uniq_pikel
D:6:      amethyst_overflow_temple_binary, gammafunk_temple_overflow_pools

Skill      XL: |  1  2  3  4  5  6 |
---------------+-------------------+-----
Stealth        | 2 3 |  3.0
Maces & Flails | 5 6 7 9 |  9.1
Fighting       | |  4.0
Dodging        | |  2.6

Action                   |  1- 3 |  4- 6 || total
-------------------------+-------+-------++-------
Melee: Mace              |   158 |    96 ||   254
       Flail             |       |   126 ||   126
  Use: Potion            |     1 |     3 ||     4
       Scroll            |       |     4 ||     4
 Stab: Sleeping          |     2 |     4 ||     6
  Eat: Chunk             |     2 |     7 ||     9
       Beef jerky        |       |     1 ||     1
Armor: Robe              |    65 |    44 ||   109
Dodge: Dodged            |    91 |   118 ||   209
